 Dungeon Crawl Stone Soup version 0.20.1-1-g8b1a95d (webtiles) character file.

74 KleinerIrrer the Sneak (level 4, -3/28 HPs)
             Began as an Octopode Transmuter on July 3, 2017.
             Slain by a scorpion (6 damage)
             ... on level 5 of the Dungeon.
             The game lasted 00:02:43 (1490 turns).

KleinerIrrer the Sneak (Octopode Transmuter)        Turns: 1490, Time: 00:02:43

Health: -3/28      AC:  1    Str:  9    XL:     4   Next: 30%
Magic:  7/7        EV: 13    Int: 15    God:
Gold:   55         SH:  0    Dex: 13    Spells: 4/7 levels left

rFire    . . .     SeeInvis .     - Unarmed
rCold    . . .     Gourm    .   (no shield)
rNeg     . . .     Faith    .   (helmet restricted)
rPois    .         Spirit   .   (no amulet)
rElec    .         Reflect  .   (no ring)
rCorr    .         Harm     .   (no ring)
MR       .....                  (no ring)
Stlth    ++++......             (no ring)
Regen    0.1/turn               (no ring)
MPRegen  0.1/turn               (no ring)
                                (no ring)
                                (no ring)

@: lethally poisoned (-3 -> -22)
A: almost no armour, stealthy swim, amphibious, 8 rings, constrict 8, camouflage
1, gelatinous body 1
a: no special abilities


You were on level 5 of the Dungeon.
You were hungry.

You visited 1 branch of the dungeon, and saw 5 of its levels.

You collected 55 gold pieces.

Inventory:

Missiles
 a - 11 arrows
Jewellery
 g - an uncursed ring of wizardry {unknown}
 i - an uncursed ring of protection from magic {unknown}
Wands
 n - a wand of digging (8/24)
Scrolls
 h - a scroll of enchant armour
 l - a scroll of remove curse {unknown}
 p - a scroll of amnesia {unknown}
 q - a scroll of enchant weapon {unknown}
Potions
 e - a potion of curing {unknown}
 f - a potion of agility {unknown}
 j - a potion of cancellation {unknown}
 k - a potion of mutation {unknown}
Books
 b - a book of Changes

   Spells                             Type                      Level
   a - Beastly Appendage              Transmutation                1
   b - Sticks to Snakes               Transmutation                2
   c - Spider Form                    Transmutation/Poison         3
   d - Ice Form                       Ice/Transmutation            4
   e - Blade Hands                    Transmutation                5
Comestibles
 c - 2 bread rations
 d - a royal jelly
 o - 6 fruits


   Skills:
 - Level 1.0 Fighting
 - Level 2.0 Dodging
 + Level 5.5 Stealth
 - Level 3.0 Unarmed Combat
 - Level 2.0 Spellcasting
 - Level 2.0 Transmutations


You had 4 spell levels left.
You knew the following spells:

 Your Spells              Type           Power        Failure   Level  Hunger
a - Beastly Appendage     Tmut           #.....       10%         1    #......
b - Sticks to Snakes      Tmut           #.......     14%         2    ###....


Dungeon Overview and Level Annotations

Branches:
Dungeon (5/15)
 Temple: D:4-7

Altars:


Innate Abilities, Weirdness & Mutations

You cannot wear most types of armour.
You are very stealthy in the water. (Stealth+)
You are amphibious.
You can wear up to eight rings at the same time.
You can use your tentacles to constrict eight enemies at once.
Your skin changes colour to match your surroundings (Stealth+).
Your rubbery body absorbs attacks. (AC +1, EV +1)


Message History

You constrict the scorpion, but do no damage.
The scorpion stings you.
You are too injured to fight recklessly!
You are too injured to fight recklessly!
You tentacle-slap the scorpion but do no damage.
You constrict the scorpion. The scorpion stings you.
You are poisoned.
The scorpion poisons you!
You tentacle-slap the scorpion but do no damage.
You squeeze the scorpion.
The scorpion is heavily wounded.
You constrict the scorpion.
You feel sick. The scorpion stings you.
* * * LOW HITPOINT WARNING * * *
You are more poisoned.
The scorpion poisons you!
It was a potion of magic.
Magic courses through your body.
You constrict the scorpion.
* * * LOW HITPOINT WARNING * * *
You feel sick. The scorpion stings you.
You die...

#.......#.....#.....#
#.......#.....#.....#
#.......#.....#.....#
#.......#.....#.....#
#...... #.##..#.....#
#.....###'##..###....
#.....'.........#..(.
#.....#.........#....
#..)@.#.........#....
#...s.#...##'####....
#.....#...#.......##'
#.....+...#.......#..
+.....#...#.......#..
#.....#...'.......#..
#.....#'###.......##.
#....... ...(.#######
......#......


You could see a scorpion.

Vanquished Creatures
  A hound (D:5)
  A hound zombie (D:5)
  An adder (D:5)
  2 leopard geckos (D:1)
  An orc (D:5)
  A hobgoblin (D:1)
  A jackal (D:4)
  2 kobolds
  A quokka (D:4)
  4 bats
  2 frilled lizards
  2 goblins (D:1)
  A jackal zombie (D:5)
  2 rats
22 creatures vanquished.

Notes
Turn   | Place    | Note
-------+----------+-------------------------------------------
     0 | D:1      | KleinerIrrer the Octopode Transmuter began the quest for the Orb.
     0 | D:1      | Reached XP level 1. HP: 13/13 MP: 3/3
    10 | D:1      | Reached skill level 1 in Stealth
   129 | D:1      | Reached skill level 2 in Stealth
   134 | D:1      | Reached XP level 2. HP: 11/18 MP: 5/5
   138 | D:1      | Learned a level 2 spell: Sticks to Snakes
   460 | D:2      | Reached skill level 3 in Stealth
   695 | D:5      | Entered Level 5 of the Dungeon
   838 | D:5      | Reached skill level 4 in Stealth
   838 | D:5      | Reached XP level 3. HP: 14/23 MP: 6/6
  1032 | D:5      | Reached skill level 5 in Stealth
  1032 | D:5      | Reached XP level 4. HP: 23/28 MP: 3/7
  1490 | D:5      | Slain by a scorpion

Skill      XL: |  1  2  3 |
---------------+----------+-----
Stealth        | 2 4 5 |  5.5
Fighting       | |  1.0
Dodging        | |  2.0
Unarmed Combat | |  3.0
Spellcasting   | |  2.0
Transmutations | |  2.0

Action                   |  1- 3 |  4- 6 || total
-------------------------+-------+-------++-------
Melee: Unarmed           |    39 |    19 ||    58
       Constrict         |    12 |     3 ||    15
       Punch             |     3 |       ||     3
       Tentacles         |     4 |     5 ||     9
 Cast: Sticks to Snakes  |     1 |       ||     1
       Beastly Appendage |     1 |       ||     1
  Use: Scroll            |     2 |       ||     2
       Potion            |       |     1 ||     1
 Stab: Sleeping          |     8 |       ||     8
  Eat: Chunk             |       |     1 ||     1
Armor: Skin              |     2 |     1 ||     3
Dodge: Dodged            |    17 |     9 ||    26
